Cogmind - Beta 14 @@@ ROGUE MODE // 2025.01.12 @ 13:02:58 Player: aloola Result: Self-destructed Performance ------------- Evolutions (1) 500 Regions Visited (3) 600 Robots Destroyed (21) 105 Value Destroyed (372) 372 Prototype IDs (1) 20 Alien Tech Used (0) 0 Bonus (0) 0 TOTAL SCORE: 1597 Bonus ------- None Cogmind --------- Core Integrity 341/400 Matter 225/300 Energy 250/250 System Corruption 0% Temperature Cool (14) Movement Flying (280) Ox3 Location -9/Materials Parts ------- > --- POWER (1) -------- Ion Engine > --- PROPULSION (3) --- Flight Unit > --- UTILITY (3) ------ Small Storage Unit Improved Terrain Scanner Targeting Computer > --- WEAPON (2) ------- Grenade Launcher > --- INVENTORY (8) ---- Aluminum Leg ECM Suite Light Assault Rifle Light Assault Rifle Light Assault Rifle Light Assault Rifle Peak State ------------ > --- POWER ------------ Ion Engine > --- PROPULSION ------- Flight Unit Flight Unit > --- UTILITY ---------- Small Storage Unit Improved Terrain Scanner Targeting Computer > --- WEAPON ----------- Improved Medium Laser Grenade Launcher > --- INVENTORY -------- Aluminum Leg ECM Suite Light Assault Rifle Light Assault Rifle Light Assault Rifle Light Assault Rifle [Rating: 12] Favorites ----------- Power Light Ion Engine Engine Light Ion Engine Propulsion Compact Wheel Wheel Compact Wheel Flight Unit Flight Unit Utility Small Storage Unit Device Seismic Detector Storage Small Storage Unit Processor Targeting Computer Weapon Light Assault Rifle Energy Gun Improved Medium Laser Ballistic Gun Light Assault Rifle Launcher Grenade Launcher Special Weapon Mining Laser Build | -11 -10 -10 -9 ------- Run | Yrd Mat Min Mat Slots Evolved 2 | . . . 2 Power . | . . . . Propulsion 1 | . . . 1 Utility 1 | . . . 1 Weapon . | . . . . Parts Attached 26 | 7 . 12 7 Power 2 | 1 . . 1 Engine 2 | 1 . . 1 Core . | . . . . Reactor . | . . . . Propulsion 8 | 2 . 4 2 Treads . | . . . . Leg . | . . . . Wheel 4 | 2 . 2 . Hover . | . . . . Flight 4 | . . 2 2 Utility 5 | 2 . 1 2 Device 3 | 1 . 1 1 Storage 1 | 1 . . . Processor 1 | . . . 1 Hackware . | . . . . Protection . | . . . . Artifact . | . . . . Weapon 11 | 2 . 7 2 Energy Gun 1 | . . . 1 Energy Cannon . | . . . . Ballistic Gun 7 | 2 . 5 . Ballistic Cannon . | . . . . Launcher 2 | . . 1 1 Special Weapon 1 | . . 1 . Impact Weapon . | . . . . Slashing Weapon . | . . . . Piercing Weapon . | . . . . Special Melee Weapon . | . . . . Unidentified Prototypes 1 | . . . 1 Parts Lost 6 | . . 1 5 Power 1 | . . . 1 Propulsion 4 | . . 1 3 Utility 1 | . . . 1 Weapon . | . . . . Highest Loss Streak 4 | . . 1 4 To Critical Strikes . | . . . . Average Slot Usage (%) 95 | . 100 99 82 Engine 13 | . 14 14 10 Wheel 18 | . 28 23 . Flight 8 | . . 3 24 Device 13 | . 14 14 13 Storage 13 | . 14 14 11 Processor 1 | . . . 6 Ballistic Gun 22 | . 28 26 8 Launcher 2 | . . . 8 Peak Build Rating 12 | 7 7 8 12 Average Rating 7 | 5 7 7 9 On Entrance 5 | . 7 7 8 Naked Turns . | . . . . Heaviest Build 15 | 11 11 13 15 Greatest Support 32 | 32 32 32 12 Greatest Overweight (x) 1 | . . 1 1 Average Overweight (x) . | . . . . Largest Inventory Capacity 8 | 8 8 8 8 Average Capacity 7 | 7 8 8 8 Most Carried 8 | 6 8 8 7 Average Carried 6 | 3 6 7 5 Final Capacity 8 | 8 8 8 8 Final Carried 8 | 6 8 8 6 Class Distribution -------------------- 53% | Mutant 46% | Scavenger-Mutant Dominant Class ---------------- Mutant | -10/Materials Scavenger-Mutant | -10/Mines Mutant | -9/Materials Resources | -11 -10 -10 -9 ----------- Run | Yrd Mat Min Mat Matter Collected 544 | 292 . 155 97 Remotely . | . . . . Salvage Created 466 | 104 . 186 176 Parts 42 | 6 . 21 15 Haulers Intercepted . | . . . . Recyclers Shooed . | . . . . Parts Field Recycled . | . . . . Retrieved Matter . | . . . . Parts Self-Destructed . | . . . . Prevented . | . . . . Kills | -11 -10 -10 -9 ------- Run | Yrd Mat Min Mat Combat Hostiles Destroyed 17 | . . 9 8 Guns 8 | . . 7 1 AOE 9 | . . 2 7 Classes Destroyed 4 | 2 . 1 1 Tunneler 2 | 2 . . . Recycler 2 | 1 . 1 . Swarmer 12 | . . 9 3 Grunt 5 | . . . 5 Best Kill Streak 5 | 2 . 4 5 Combat Bots Only 5 | . . 3 5 Max Kills in Single Turn 4 | 1 . 2 4 Gunslinging . | . . . . Exploded 4 | . . 2 4 Melee . | . . . . Uniques/NPCs Destroyed . | . . . . Combat | -11 -10 -10 -9 -------- Run | Yrd Mat Min Mat Hostile Shots Fired 90 | . 1 63 26 Missed 22 | . . 13 9 Damage Taken 670 | . 10 401 259 Core 155 | . . 96 59 Absorbed by Shields . | . . . . Core Remaining (%) 80 | 100 . 61 . Volleys Fired 57 | 11 . 29 17 Largest 2 | 2 . 2 2 Hottest 120 | 40 . 120 50 Shots Fired 109 | 22 . 58 29 Gun 99 | 22 . 55 22 Cannon . | . . . . Launcher 9 | . . 2 7 Special 1 | . . 1 . Kinetic 99 | 22 . 55 22 Thermal 1 | . . 1 . Explosive 9 | . . 2 7 Electromagnetic . | . . . . Robot Hit Streak 7 | 5 . 7 7 Robot Miss Streak 4 | 2 . 4 2 Penetration Max . | . . . . Secondary Targets 1 | . . 1 . Max Gunslinging Chain 1 | . . 1 . Shots Hit Robots 62 | 14 . 30 18 Core Hits 37 | 6 . 15 16 Critical Kills . | . . . . Critical Parts Destroyed . | . . . . Critical Strikes . | . . . . Melee Attacks . | . . . . Impact . | . . . . Slashing . | . . . . Piercing . | . . . . Sneak Attacks . | . . . . Combat Hostiles . | . . . . Follow-up Attacks . | . . . . Damage Inflicted 1076 | 110 . 471 495 Guns 449 | 110 . 246 93 Cannons . | . . . . Explosions 627 | . . 225 402 Melee . | . . . . Ramming . | . . . . Kinetic 449 | 110 . 246 93 Thermal . | . . . . Explosive 627 | . . 225 402 Electromagnetic . | . . . . Impact . | . . . . Slashing . | . . . . Piercing . | . . . . Highest Corruption . | . . . . Average Corruption . | . . . . Corruption Purged . | . . . . Corruption Blocked . | . . . . Overload Shots . | . . . . Overflow Damage 26 | . . 19 7 Projectiles . | . . . . Explosions 26 | . . 19 7 Melee . | . . . . Knockbacks . | . . . . Impact . | . . . . Kinetic . | . . . . Secondary . | . . . . Self-Inflicted Damage 45 | . . . 45 Shots 2 | . . . 2 Rammed . | . . . . Targets Rammed . | . . . . Kicked . | . . . . Crushed . | . . . . Highest Temperature 40 | . . 40 35 Average Temperature 13 | . . 16 12 Received Heat Transfer 156 | . 6 . 150 Siege Activations . | . . . . Robots Corrupted . | . . . . Combat Hostiles . | . . . . Parts Fried . | . . . . Impact Corruptions . | . . . . Robots Melted . | . . . . Combat Hostiles . | . . . . Parts Melted . | . . . . Heat Transferred . | . . . . Parts Sabotaged . | . . . . Parts Stolen . | . . . . Parts Stripped . | . . . . Power Chain Reactions . | . . . . Alert | -11 -10 -10 -9 ------- Run | Yrd Mat Min Mat Peak Influence 243 | 15 18 201 243 Initial 15 | . 9 6 15 Average 74 | 6 12 90 132 Maximum Alert Level 1 | . . 1 1 Low Security (%) 98 | 100 100 98 96 Level 1 1 | . . 1 3 Level 2 . | . . . . Level 3 . | . . . . Level 4 . | . . . . Level 5 . | . . . . High Security . | . . . . Max Security . | . . . . Squads Dispatched 2 | . 1 . 1 Investigation 1 | . 1 . . Extermination . | . . . . Reinforcement 1 | . . . 1 Assault . | . . . . Garrison . | . . . . Intercept . | . . . . Searches Triggered . | . . . . Construction Impeded 1 | . . . 1 Haulers Reinforced . | . . . . Active Scanning Responses . | . . . . Cargo Convoy Interrupts . | . . . . Stealth | -11 -10 -10 -9 --------- Run | Yrd Mat Min Mat Distress Signals 1 | . 1 . . Communications Jammed . | . . . . Distress Signals . | . . . . Times Spotted 23 | . 3 9 11 Peak Tracking Total 6 | . 6 3 5 Tactical Retreats 1 | . . . 1 Traps | -11 -10 -10 -9 ------- Run | Yrd Mat Min Mat Traps Triggered . | . . . . Indirectly . | . . . . Trap Hack Attempts . | . . . . Triggered . | . . . . Disarmed . | . . . . Reprogrammed . | . . . . Reused . | . . . . Traps Extracted . | . . . . Installed . | . . . . Triggered . | . . . . Machines | -11 -10 -10 -9 ---------- Run | Yrd Mat Min Mat Machines Disabled 3 | . . . 3 Max in Single Turn 2 | . . . 2 Machines Repaired . | . . . . Machines Dismantled . | . . . . Machines Sabotaged . | . . . . Overloaded Fab Kills . | . . . . Hacking | -11 -10 -10 -9 --------- Run | Yrd Mat Min Mat Machines Accessed 5 | . 5 . . Terminals 4 | . 4 . . Fabricators . | . . . . Repair Stations . | . . . . Recycling Units 1 | . 1 . . Scanalyzers . | . . . . Garrison Access . | . . . . Total Hacks 16 | . 16 . . Successful 6 | . 6 . . Failed 10 | . 10 . . Catastrophic 1 | . 1 . . Database Lockouts . | . . . . Manual 10 | . 10 . . Terminals 14 | . 14 . . Fabricators . | . . . . Repair Stations . | . . . . Recycling Units 2 | . 2 . . Scanalyzers . | . . . . Garrison Access . | . . . . Terminal Hacks 4 | . 4 . . Record 1 | . 1 . . Terminal Index 1 | . 1 . . Alert Level 1 | . 1 . . Zone Layout 1 | . 1 . . Fabricator Hacks . | . . . . Repair Station Hacks . | . . . . Recycling Unit Hacks 1 | . 1 . . Report Inventory 1 | . 1 . . Scanalyzer . | . . . . Garrison Access Hacks . | . . . . Unauthorized Hacks 1 | . 1 . . Terminals . | . . . . Fabricators . | . . . . Repair Stations . | . . . . Recycling Units 1 | . 1 . . Monitor 1 | . 1 . . Scanalyzers . | . . . . Garrison Access . | . . . . Data Cores Recovered . | . . . . Used . | . . . . Hacking Detections 5 | . 5 . . Full Trace Events 2 | . 2 . . Feedback Events . | . . . . Feedback Blocked . | . . . . Robot Schematics Acquired . | . . . . Robots Built . | . . . . Authchips . | . . . . Time . | . . . . Total Robot Build Rating . | . . . . Part Schematics Acquired . | . . . . Parts Built . | . . . . Authchips . | . . . . Time . | . . . . Total Part Build Rating . | . . . . Parts Repaired . | . . . . Time . | . . . . Parts Recycled . | . . . . Recycled Matter . | . . . . Retrieved Matter . | . . . . Retrieved Components . | . . . . Parts Scanalyzed . | . . . . Part Schematics Acquired . | . . . . Parts Damaged . | . . . . Bothacking | -11 -10 -10 -9 ------------ Run | Yrd Mat Min Mat Used RIF Installer . | . . . . Robots Hacked . | . . . . Non-combat . | . . . . Combat . | . . . . Robot Hacks Applied . | . . . . Relay Couplers Released . | . . . . Fabnet Peak Effective % . | . . . . Robots Rewired . | . . . . Allies Hacked . | . . . . Hacks Repelled . | . . . . Allies | -11 -10 -10 -9 -------- Run | Yrd Mat Min Mat Total Allies . | . . . . Largest Group . | . . . . Highest-Rated Group . | . . . . Highest-Rated Ally . | . . . . Total Orders . | . . . . Ally Attacks . | . . . . Total Damage . | . . . . Kills . | . . . . Allies Corrupted . | . . . . Allies Melted . | . . . . Intel | -11 -10 -10 -9 ------- Run | Yrd Mat Min Mat Robot Analysis Total . | . . . . Derelict Logs Recovered . | . . . . Drone Launches . | . . . . Drone Recoveries . | . . . . Exploration | -11 -10 -10 -9 ------------- Run | Yrd Mat Min Mat Turns Passed 1069 | 134 197 515 223 Spaces Moved 769 | 95 152 363 159 Core 12 | 12 . . . Treads . | . . . . Legs . | . . . . Wheels 544 | 83 152 309 . Hover . | . . . . Flight 213 | . . 54 159 Fastest Speed 34 | 50 100 100 34 Average Speed 97 | 93 100 102 85 Slowest Speed 117 | 100 100 117 117 Overloaded Moves . | . . . . Propulsion Burnouts . | . . . . Robots Hopped . | . . . . Cave-ins Triggered . | . . . . Exploration Rate (%) 27 | 6 28 56 18 Regions Visited 3 Branch Regions 1 Pre-discovered Areas . | . . . . Known Exits Taken . | . . . . Unknown Exits Taken 3 | 1 1 1 . Scrap Searched . | . . . . Spaces Dug 1 | . . 1 . Terrain Destroyed 43 | . . 18 25 Melee . | . . . . Projectile 1 | . . 1 . AOE 42 | . . 17 25 Terrain Rammed . | . . . . Walls Destroyed . | . . . . Machines Disabled . | . . . . Actions | -11 -10 -10 -9 --------- Run | Yrd Mat Min Mat Total 997 | 118 197 460 222 Wait 109 | . 42 34 33 Move 766 | 94 151 362 159 Hop . | . . . . Pick Up 22 | 6 3 10 3 Fast Attach 7 | 7 . . . Attach 7 | . . 1 6 Detach 2 | . . . 2 Swap 12 | . . 11 1 Drop 15 | . 1 13 1 Fire 57 | 11 . 29 17 Melee . | . . . . Ram . | . . . . Kick . | . . . . Crush . | . . . . Escape Stasis . | . . . . Rewire . | . . . . Trap . | . . . . Miscellaneous . | . . . . Route ------- -11/Scrapyard -10/Materials (discovered 2 exits: [*Min x2]) -10/Mines -9/Materials History --------- Turn | Location | Event 4 | -11/Scrapyard | Discovered new exit (range 13) 135 | -11/Scrapyard | Entered Materials 281 | -10/Materials | Discovered new exit (range 13) 300 | -10/Materials | Discovered new exit (range 9) 301 | -10/Materials | Build established: Mutant 332 | -10/Materials | Entered Mines 333 | -10/Mines | Assembled infested the area 705 | -10/Mines | Discovered new exit (range 8) 810 | -10/Mines | Build established: Scavenger-Mutant 847 | -10/Mines | Entered Materials 847 | -9/Materials | Evolved 2 slots: Propulsion x1, Utility x1 946 | -9/Materials | Lost 4 parts (1p2n1u) 1070 | -9/Materials | Self-destructed Last Messages --------------- 00915_ Destroyed Seismic Detector. 00919_ Acquired 32 matter. 00921_ Acquired 22 matter. 00937_ Acquired Aluminum Leg. 00937_ K-01 Serf collects debris. 00948_ Acquired ECM Suite. 00955_ Acquired Prototype Energy Gun. 00958_ Identified Imp. Medium Laser. 00958_ Faulty integration damages Flight Unit (-9). 00959_ Dropped Faulty Imp. Medium Laser. 00978_ K-01 Serf collects debris. 01062_ Critical hit (Burn: +37). 01062_ G-34 Mercenary destroyed. 01062_ Material Processor disabled. 01066_ Flight Unit destroyed. 01066_ Critical hit (Burn: +37). 01068_ G-47 Trooper destroyed. 01069_ ALERT: Construction progress impeded, dispatching reinforcements to local area. Map ----- +----------------------------------------------------+ | ?????????????????????????????????????????????????? | | ?????????????????????????????????????????????????? | | ?????????????????????????????????????????????????? | | ?????????????????????????????????????????????????? | | ?????????????????????????????????????????????????? | | ????????????????????# ?????????????????????????? | | ????????????????????# ????+????????????????????? | | ???????????????? #### #### ????????????????????? | | ???????????????? ????????????????????? | | ???????????????? ????????????????????? | | ????????????????? ?? ???????????????? | | ?????????????????? ""#??????????????????? | | ???????????????????# T"######?????????????? | | ???????????????????# ""# #?????????????? | | ??????????!!???????# # #?????????????? | | ???????????! ??????# # #?? ??????????? | | ???????????? ?????# # #???????????#?? | | ????????????? ????# # #????????#????? | | ???????????? ??# # #???????#?????? | | ???????????? ?# """ # #?????#???????? | | ????????????? # """" # #?????????????? | | ??????????????# """" # ########??????? | | ??????########## """"" ###+### #??????? | | ????? % """ #????? # | | ????? u u # ???? # | | ????? = @uu # ???? # | | ????????????#### ####/### """ """ # """" # | | ????????????# ???? ?# # """ """ # """" # | | ????????????? ?????????# # """ """ # # | | ????????????????????? ?# # # """" # | | ???????????????????"???# # # """" # | | ???????????????? ?? ? ?# # ##### # """" # | | ???????????????????????# + #???# # *== # | | ???????????????????????########+###### ####+### | | ???????????????? ??????#??# ## ! | | ?????????????#?????????#??# [ ## | | ??????????????????????????# ## | | ??????????????????????????# ## #+# | | ?????????????????????#?##?# # ! % [ | | ??????????????????????????# # % % | | ???????????????????#??????# * " | | ??????????????????????????# # " | | ??????????????????????????########### " | | ??????????????????????????????#?????# # | | ??????????????????????#????#????????# #### | | ????????????????????????????????????# ##?? | | ?????????????????????????????#?#????###########??? | | | | | | | +----------------------------------------------------+ Best States ------------- Heat Dissipation 28 Energy Generation 10 Energy Capacity 250 Matter Stores 300 Matter Capacity 300 Sight Range 16 Terrain Scan Range 16 Terrain Scan Density 10 Evasion (%) 63 Targeting Accuracy 5 Item Schematics ----------------- None Robot Schematics ------------------ None Fabricated ------------ Nothing Alien Tech Used ----------------- None Achievements -------------- None Challenges ------------ None Game ------ Seed ConstructFrostMicrothruster Manual? 0 Play Time 00:27:22 Cumulative 15.5 hours Start 2025.01.12 @ 12:33:54 End 2025.01.12 @ 13:02:58 Sessions 1 Manual Loads 0 Difficulty Rogue Special Mode None Game No. 9 Rogue 9 Adventurer 0 Explorer 0 Win Type - Total 0 Types 0/0/0/0/0/0/0/0/0 Lore% 12 Gallery% 14 Achievement% 15 Wizard Run 0 Options --------- Layout 1 ASCII 0 Keyboard 1 Movement Numpad Keybinds 0 Fullscreen 1 Font 24/Smallcaps Map View 50x35 Zoom Use 0% Tactical HUD 1 Map Filters NONE Filters NONE Steam 1 RUN: 81c9c624-b371-4ee2-99d2-fcd18d999165